 Dungeon Crawl Stone Soup version 0.28-a0-175-gb2089b6bb7 (webtiles) character file.

Game seed: 698242987164349617

38 Arne the Magician (level 3, -3/19 HPs)
             Began as a Deep Elf Hedge Wizard on Aug 17, 2021.
             Slain by a worm (8 damage)
             ... on level 2 of the Dungeon.
             The game lasted 00:10:42 (1403 turns).

Arne the Magician (Deep Elf Hedge Wizard)           Turns: 1403, Time: 00:10:43

Health: -3/19      AC:  2    Str:  7    XL:     3   Next: 25%
Magic:  1/11       EV: 13    Int: 19    God:
Gold:   97         SH:  0    Dex: 20    Spells: 10/11 levels left

rFire   . . .      SeeInvis .   h - +0 short sword
rCold   . . .      Faith    .   (no shield)
rNeg    . . .      Spirit   .   b - +0 robe
rPois   .          Reflect  .   c - +0 hat
rElec   .          Harm     .   (no cloak)
rCorr   .          Rampage  .   (no gloves)
Will    .....                   (no boots)
Stlth   +++.......              (no amulet)
HPRegen 0.06/turn               d - +6 ring of dexterity
MPRegen 0.12/turn               (no ring)

@: no status effects
A: no striking features
a: no special abilities


You were on level 2 of the Dungeon.
You visited 1 branch of the dungeon, and saw 2 of its levels.

You collected 97 gold pieces.

Inventory:

Hand Weapons
 a - a +0 dagger
 h - a +0 short sword (weapon)
Armour
 b - a +0 robe (worn)
 c - a +0 hat (worn)
Jewellery
 d - a +6 ring of dexterity (left hand)
Scrolls
 e - 2 scrolls of identify {unknown}
 f - a scroll of teleportation {unknown}
 g - a scroll of blinking {unknown}
Potions
 i - a potion of brilliance {unknown}


   Skills:
 + Level 0.2 Fighting
 + Level 0.6 Short Blades
 + Level 3.2 Dodging
 + Level 3.1 Stealth
 + Level 4.9 Spellcasting
 + Level 1.1 Conjurations
 + Level 1.1 Summonings
 + Level 1.1 Translocations


You had 10 spell levels left.
You knew the following spells:

 Your Spells              Type           Power      Damage    Failure   Level
a - Magic Dart            Conj           36%        1d4       8%          1

Your spell library contained the following spells:

 Spells                   Type           Power      Damage    Failure   Level
 Blink                    Tloc           N/A        N/A       12%         2
 Call Imp                 Summ           8%         N/A       12%         2
 Freeze                   Ice            16%        1d4       13%         1
 Sandblast                Erth           8%         2d5       13%         1
 Passwall                 Tmut/Erth      3%         N/A       19%         2
 Slow                     Hex            4%         N/A       19%         2
 Conjure Flame            Conj/Fire      6%         6-21      30%         3
 Mephitic Cloud           Conj/Pois/Air  6%         N/A       32%         3
 Frozen Ramparts          Ice            8%         1d2       36%         3
 Hailstorm                Conj/Ice       6%         3d4       69%         4
 Lee's Rapid Deconstruct  Erth           2%         3d5*      98%         5


Dungeon Overview and Level Annotations

Branches:
Dungeon (2/15)

Altars:


Message History

Press: ? - help, Shift-Dir - straight line, f/p - worm
Aim: a worm (severely wounded, 100% to hit)
The magic dart hits the worm.
The worm is almost dead.
Casting: Magic Dart (safe; 8% risk of failure)
Confirm with . or Enter, or press ? or * to list all spells.
Aiming: Magic Dart (safe; 8% risk of failure)
Press: ? - help, Shift-Dir - straight line, f/p - worm
Aim: a worm (severely wounded, 100% to hit)
The magic dart hits the worm.
The worm is almost dead.
Found a stone staircase leading down.
You see here 22 stones.
Casting: Magic Dart (safe; 8% risk of failure)
Confirm with . or Enter, or press ? or * to list all spells.
Aiming: Magic Dart (safe; 8% risk of failure)
Press: ? - help, Shift-Dir - straight line, f/p - worm
Aim: a worm (severely wounded, 100% to hit)
The magic dart hits the worm.
The worm is almost dead.
Casting: Magic Dart (safe; 8% risk of failure)
Confirm with . or Enter, or press ? or * to list all spells.
Aiming: Magic Dart (safe; 8% risk of failure)
Press: ? - help, Shift-Dir - straight line, f/p - worm
Aim: a worm (severely wounded, 100% to hit)
The magic dart hits the worm.
The worm is almost dead.
Casting: Magic Dart (safe; 8% risk of failure)
Confirm with . or Enter, or press ? or * to list all spells.
Aiming: Magic Dart (safe; 8% risk of failure)
Press: ? - help, Shift-Dir - straight line, f/p - worm
Aim: a worm (almost dead, 100% to hit)
The magic dart hits the worm.
The worm is almost dead.
Casting: Magic Dart (safe; 8% risk of failure)
Confirm with . or Enter, or press ? or * to list all spells.
You don't have enough magic to cast this spell.
Unknown command.
The worm bites you!
You die...

..... #..........
......###..........
...................
..................
...............[..
#..)......####..
###+######.........####..
#..>.....................
#.......@w.........#####
#.....############.#
#.... #.# #### #.# #.#
#.# #.# #.# #.######


You could see a worm.

Vanquished Creatures
  2 dart slugs
  A bat (D:2)
  2 endoplasms (D:1)
  2 giant cockroaches
  A hobgoblin (D:1)
  3 kobolds
  3 quokkas (D:1)
  6 ball pythons
  5 frilled lizards (D:1)
  6 goblins
  2 rats
33 creatures vanquished.

Notes
Turn   | Place    | Note
-------+----------+-------------------------------------------
     0 | D:1      | Arne the Deep Elf Hedge Wizard began the quest for the Orb.
     0 | D:1      | Reached XP level 1. HP: 10/10 MP: 7/7
   251 | D:1      | Reached XP level 2. HP: 15/15 MP: 9/9
   954 | D:1      | Reached XP level 3. HP: 18/19 MP: 11/11
  1403 | D:2      | Slain by a worm

Illustrated notes

Levels and vault maps discovered:
D:1:      elethiomel_arrival_maze, layout_loops_ring
D:2:      layout_basic, hellmonk_ecumenical_altar_inner_sanctum

Skill      XL: |  1  2  3 |
---------------+----------+-----
Dodging        | 3 |  3.2
Stealth        | 3 |  3.1
Fighting       | |  0.2
Short Blades   | |  0.6
Spellcasting   | |  4.9
Conjurations   | |  1.1
Summonings     | |  1.1
Translocations | |  1.1

Action                   || total
-------------------------++-------
Melee: Dagger            ||    92
       Short sword       ||    16
 Cast: Magic Dart        ||    35
 Stab: Sleeping          ||     8
Armor: Robe              ||    13
Dodge: Dodged            ||    74

Table legend: (Time is in decaauts)
 A = Elapsed time spent in this place.
 B = Non-inter-level travel time spent in this place.
 C = Inter-level travel time spent in this place.
 D = Time resting spent in this place.
 E = Time spent auto-exploring this place.
 F = Levels seen in this place.
 G = Mean time per level.
                   A        B        C        D        E       F      G
               +--------+--------+--------+--------+--------+-----+--------+
         Total |   1401 |   1401 |      0 |    225 |      0 |   2 |  700.5 |
       Dungeon |   1401 |   1401 |      0 |    225 |      0 |   2 |  700.5 |
               +--------+--------+--------+--------+--------+-----+--------+

Top non-repeatable levels by time:
     D:1: 1061 daAuts
     D:2: 340 daAuts
